 Dungeon Crawl Stone Soup version 0.22-a0-422-g9628fc8 (webtiles) character file.

34 Borgoz the Skirmisher (level 3, -7/29 HPs)
             Began as a Demonspawn Abyssal Knight on May 17, 2018.
             Was a Follower of Lugonu.
             Splashed by a jelly's acid (8 damage)
             ... on level 2 of the Dungeon.
             The game lasted 00:02:18 (1417 turns).

Borgoz the Skirmisher (Demonspawn Abyssal Knight)   Turns: 1417, Time: 00:02:18

Health: -7/29      AC: -2    Str: 12    XL:     3   Next: 14%
Magic:  5/5        EV: 10    Int: 13    God:    Lugonu [*.....]
Gold:   96         SH:  0    Dex: 13    Spells: 2/2 levels left

rFire    . . .     SeeInvis .   a - +1 hand axe
rCold    . . .     Gourm    .   (no shield)
rNeg     . . .     Faith    .   k - +0 ring mail
rPois    .         Spirit   .   (no helmet)
rElec    .         Reflect  .   (no cloak)
rCorr    .         Harm     .   (no gloves)
MR       .....                  (no boots)
Stlth    ..........             (no amulet)
HPRegen  0.09/turn              (no ring)
MPRegen  0.09/turn              (no ring)

@: corroded
A: hooves 1
a: Depart the Abyss, Renounce Religion


You were on level 2 of the Dungeon.
You worshipped Lugonu.
Lugonu was aware of your devotion.
You were hungry.

You visited 1 branch of the dungeon, and saw 2 of its levels.
You visited the Abyss 1 time.

You collected 96 gold pieces.

Inventory:

Hand Weapons
 a - a +1 hand axe (weapon)
Armour
 k - a +0 ring mail (worn)
Scrolls
 b - a scroll of teleportation {unknown}
 d - 2 scrolls of enchant armour {unknown}
 f - 4 scrolls of identify {unknown}
 h - a scroll of fog {unknown}
 i - a scroll of remove curse {unknown}
Potions
 e - a potion of flight {unknown}
 g - a potion of mutation {unknown}
 j - a potion of cancellation {unknown}
Comestibles
 c - 4 rations
 l - 3 chunks of flesh


   Skills:
 + Level 3.2 Fighting
 + Level 2.1 Axes
 + Level 2.1 Armour
 + Level 1.4 Dodging
 + Level 3.0 Invocations


You had 2 spell levels left.
You didn't know any spells.
Your spell library was empty.

Dungeon Overview and Level Annotations

Branches:
Dungeon (2/15)

Altars:


Innate Abilities, Weirdness & Mutations

You have large cloven feet.


Message History

A jelly comes into view.
The jelly quivers.
A jelly is nearby!
The jelly barely misses you.
You hit the jelly. The acid corrodes you!
Your hands burn!
The jelly is lightly wounded.
The jelly hits you. The acid corrodes you!
You are splashed with acid!
The acid burns!
You are too injured to fight recklessly!
You are feeling hungry.
The jelly jiggles.
You hit the jelly.
Your hands burn!
The jelly is moderately wounded.
The jelly hits you. The acid corrodes you!
You are splashed with acid!
The acid burns!
* * * LOW HITPOINT WARNING * * *
The jelly hits you.
* * * LOW HITPOINT WARNING * * *
You are splashed with acid!
The acid burns!
You die...

#.# #.......# +.+ #.#
#.......# #.####.##+#.#
#.......# #...........#
#.......## #.####.##+#.#
#.........
#⌠.#.#..#.####........#
#..'.'..#.#...........#
#.####.####.#......####.#
#......J@..........# #(#
#############......# #.#
...............# #..
...............######
...............##....
.....................
...............#.....
........<......#...<.
................###.#


You could see a jelly.

Vanquished Creatures
  An adder (D:2)
  A worm (D:2)
  A dart slug (D:1)
  3 giant cockroaches
  2 goblins
  5 hobgoblins
  2 bats
  2 frilled lizards
  2 kobolds (D:1)
  A rat (D:1)
20 creatures vanquished.

Vanquished Creatures (others)
  2 starspawn tentacles (Abyss:1)
2 creatures vanquished.

Grand Total: 22 creatures vanquished

Notes
Turn   | Place    | Note
-------+----------+-------------------------------------------
     0 | Abyss:1  | Borgoz the Demonspawn Abyssal Knight began the quest for the Orb.
     0 | Abyss:1  | Reached XP level 1. HP: 18/18 MP: 2/2
    71 | Abyss:1  | Noticed a tentacled starspawn
    71 | Abyss:1  | Noticed a small abomination
    97 | D:1      | Escaped the Abyss
   110 | D:1      | Noticed an electric eel
   220 | D:1      | Reached skill level 1 in Dodging
   645 | D:1      | Gained mutation: You have large cloven feet. [demonic ancestry]
   645 | D:1      | Reached XP level 2. HP: 21/24 MP: 4/4
  1033 | D:2      | Reached * piety under Lugonu
  1289 | D:2      | Reached XP level 3. HP: 29/29 MP: 5/5
  1417 | D:2      | HP: 1/29 [jelly (1)]
  1417 | D:2      | Splashed by a jelly's acid

Vault maps used:
D:1:      arrival_aquarium_a, minmay_misc_feat_ornament
D:2:      minmay_door_path, first_ration, serial_bayou_crossing

Skill      XL: |  1  2  3 |
---------------+----------+-----
Dodging        | 1 |  1.4
Axes           | 2 |  2.1
Armour         | 2 |  2.1
Invocations    | 3 |  3.0
Fighting       | |  3.2

Action                   || total
-------------------------++-------
Melee: Hand axe          ||    53
       Kick              ||    12
Invok: Depart the Abyss  ||     1
  Eat: Chunk             ||     1
Armor: Ring mail         ||    17
Dodge: Dodged            ||    25

Table legend:
 A = Spawn XP
 B = Non-spawn XP
 C = Spawn XP percentage of total XP
 D = Spawn monster count
 E = Non-spawn monster count
 F = Spawn count percentage of total count
 G = Total turns spent on level
                    A         B        C        D         E        F      G
               +---------+---------+-------+---------+---------+-------+---------
         Total |       0 |      49 |   0.0 |       0 |      20 |   0.0 |  1417
               +---------+---------+-------+---------+---------+-------+---------
           D:1 |       0 |      23 |   0.0 |       0 |      13 |   0.0 |   924
           D:2 |       0 |      26 |   0.0 |       0 |       7 |   0.0 |   396
               +---------+---------+-------+---------+---------+-------+---------
